 Dungeon Crawl Stone Soup version 0.18.1-48-g4cf74bf (webtiles) character file.

51 mopl the Skirmisher (level 3, -2/20 HPs)
             Began as a Vine Stalker Wanderer on Aug 31, 2016.
             Slain by a neqoxec (10 damage)
             ... created by the fury of Makhleb
             ... on level 2 of the Dungeon.
             The game lasted 00:03:18 (1285 turns).

mopl the Skirmisher (Vine Stalker Wanderer)         Turns: 1285, Time: 00:03:19

Health: -2/20      AC:  2    Str: 16      XL:     3   Next: 83%
Magic:  0/4        EV: 11    Int: 10 (13) God:
Gold:   107        SH:  0    Dex: 11      Spells: 0 memorised, 2 levels left

rFire  . . .     SeeInvis .     a - +2 mace
rCold  . . .     Gourm    .     k - +0 robe (curse)
rNeg   . . .     Faith    .     (no shield)
rPois  +         Spirit   +     (no helmet)
rElec  .         Dismiss  .     (no cloak)
rCorr  .         Reflect  .     (no gloves)
SustAt .         Harm     .     (no boots)
MR     .....                    (no amulet)
Stlth  ++........               (no ring)
                                o - ring of poison resistance

@: not resistant to hostile enchantments, unstealthy
A: fangs 2, regeneration 1, magic shield, antimagic bite, no device heal 3, rot
immunity
a: no special abilities


You were on level 2 of the Dungeon.
You were not hungry.

You visited 1 branch of the dungeon, and saw 3 of its levels.

You collected 107 gold pieces.

Inventory:

Hand Weapons
 a - a +2 mace (weapon)
 g - a +0 dagger
Missiles
 n - 14 poisoned needles
Armour
 b - a +0 ring mail
 k - a cursed +0 robe (worn)
Jewellery
 o - a ring of poison resistance (left hand)
Scrolls
 h - 4 scrolls of teleportation {unknown}
 j - a scroll of identify {unknown}
 q - a scroll of random uselessness {unknown}
Potions
 c - 2 potions of curing
 e - 3 potions of cure mutation {!q}
 f - a potion of degeneration {unknown}
 i - 2 potions of berserk rage {unknown}
 l - a potion of might {unknown}
 m - a potion of agility {unknown}
Comestibles
 d - 2 bread rations
 p - 3 fruits


   Skills:
 + Level 3.1 Fighting
 + Level 0.6 Short Blades
 - Level 1.7 Maces & Flails
 + Level 1.9 Throwing
 - Level 1.5 Armour
 + Level 2.7 Stealth
   Level 1.0 Shields


You had 2 spell levels left.
You didn't know any spells.

Dungeon Overview and Level Annotations

Branches:
Dungeon (3/15)

Altars:
Makhleb


Innate Abilities, Weirdness & Mutations

You have extremely sharp teeth.
Your natural rate of healing is unusually fast.
When hurt, damage is shared between your health and your magic reserves.
Your bite disrupts and absorbs the magic of your enemies.
Potions and wands cannot restore your health.
You are immune to rotting.


Message History

The neqoxec gestures at you.
Strange energies course through your body.
You feel yourself wasting away. The neqoxec gestures at you.
You feel dopey. Something feeds on your intellect! The neqoxec gestures at you.
Strange energies course through your body.
You feel nature experimenting on you.
Don't worry, failures die fast.
You're too confused to move!
You feel less confused. The neqoxec hits you.
Drink which item? (? for menu, Esc to quit)
It was a potion of cure mutation.
It has a very clean taste.
You feel stronger.
You feel healthier. Nature stops experimenting on you. The neqoxec hits you.
You barely miss the neqoxec. Your bite misses the neqoxec.
The neqoxec hits you!
Ouch! That really hurt!
You die...

#...(.#..).####..##.##
###(#####...........##
#(######.####.......
#.(...#..##.........
#####.......##......
###....###########
########...##..# ##....
#........<.###.### #..###
#.......@..# #...###.....
#.....>.3..# ###.##...###
#..........#####.....##
#...................##
#########..###..#†..#####
#.####.....).....
#.###............
######......#.........
#........####.........


You could see a neqoxec.

Vanquished Creatures
  A neqoxec (D:2)
  An ooze (D:2)
  2 ball pythons
  3 bats (D:1)
  3 giant cockroaches (D:1)
  7 goblins
  6 hobgoblins
  4 jackals (D:2)
  3 giant newts
  9 kobolds
  3 rats
42 creatures vanquished.

Notes
Turn   | Place    | Note
--------------------------------------------------------------
     0 | D:1      | mopl the Vine Stalker Wanderer began the quest for the Orb.
     0 | D:1      | mopl set off with: a +2 mace, a +0 ring mail, a potion of curing, a bread ration
     0 | D:1      | Reached XP level 1. HP: 11/11 MP: 2/2
   106 | D:1      | Reached XP level 2. HP: 16/16 MP: 3/3
   186 | D:1      | Reached skill level 3 in Fighting
   222 | D:1      | Reached skill level 2 in Stealth
   307 | D:1      | Reached XP level 3. HP: 11/20 MP: 2/4
   703 | D:2      | Found a faded altar to an unknown god.
   712 | D:2      | Became a worshipper of Makhleb the Destroyer
   712 | D:2      | Reached * piety under Makhleb
   712 | D:2      | Fell from the grace of Makhleb
   932 | D:2      | Noticed a neqoxec
   936 | D:2      | Gained mutation: You are agile. (Dex +2) [a neqoxec]
   938 | D:2      | Gained mutation: You are weak. (Str -2) [a neqoxec]
   939 | D:2      | Lost mutation: You are agile. (Dex +2) [a neqoxec]
   947 | D:2      | HP: 1/20 [neqoxec[the fury of Makhleb] (3)]
   954 | D:2      | Killed a neqoxec
  1207 | D:3      | Noticed a scorpion
  1277 | D:2      | Noticed a neqoxec
  1278 | D:2      | Gained mutation: Your body sometimes deteriorates upon taking damage. [a neqoxec]
  1281 | D:2      | Gained mutation: You evolve. [a neqoxec]
  1284 | D:2      | Lost mutation: You are weak. (Str -2) [potion of cure mutation]
  1284 | D:2      | Lost mutation: Your body sometimes deteriorates upon taking damage. [potion of cure mutation]
  1284 | D:2      | Lost mutation: You evolve. [potion of cure mutation]
  1285 | D:2      | Slain by a neqoxec

Skill      XL: |  1  2 |
---------------+-------+-----
Fighting       | 3 |  3.1
Stealth        | 2 |  2.7
Short Blades   | |  0.6
Maces & Flails | |  1.7
Throwing       | |  1.9
Armour         | |  1.5
Shields        | |  1.0

Action                   || total
-------------------------++-------
Melee: Mace              ||   130
       Bite              ||    26
Invok: Renounce Religion ||     1
  Use: Potion            ||     1
 Stab: Sleeping          ||     4
  Eat: Chunk             ||     1
Armor: Ring mail         ||     7
       Robe              ||    14
Dodge: Dodged            ||    99
